TOP OF THE 1ST |
---|
Spokane Trappers batting - Pitching for Albuquerque Isotopes : LHP Sean Perry | Pitching: LHP Sean Perry | | Batting: LHB John Cotton | 0-0: Ball 1-0: Foul Ball, location: 2F 1-1: Swinging Strike 1-2: Foul Ball, location: 2F 1-2: Ball 2-2: Strikes out swinging | Batting: RHB José Aguilera | 0-0: Fly out, F8 (Flyball, 89D) | Batting: RHB Enrique Mendoza | 0-0: Ball 1-0: Called Strike 1-1: Fly out, F7 (Flyball, 7LM) | Top of the 1st over - 0 runs, 0 hits, 0 errors, 0 left on base; Spokane 0 - Albuquerque 0 | BOTTOM OF THE 1ST |
---|
Albuquerque Isotopes batting - Pitching for Spokane Trappers : RHP Ben Cobb | Pitching: RHP Ben Cobb | | Batting: RHB Javier Peña | 0-0: Called Strike 0-1: Foul Ball, location: 2F 0-2: Ball 1-2: Ball 2-2: Ball 3-2: Foul Ball, location: 2F 3-2: Ground out 5-3 (Groundball, 56) | Batting: LHB Fernando Ortíz | 0-0: Ball 1-0: Swinging Strike 1-1: Ball 2-1: Foul Ball, location: 2F 2-2: Strikes out swinging | Batting: LHB Ken Nelson | 0-0: Ground out 5-3 (Groundball, 56) | Bottom of the 1st over - 0 runs, 0 hits, 0 errors, 0 left on base; Spokane 0 - Albuquerque 0 | TOP OF THE 2ND |
---|
Spokane Trappers batting - Pitching for Albuquerque Isotopes : LHP Sean Perry | Batting: RHB José Herrera | 0-0: Fly out, F9 (Flyball, 9S) | Batting: RHB Roberto Cruz | 0-0: Ball 1-0: Ball 2-0: Ball 3-0: Base on Balls | Batting: RHB Gustavo Ortíz | 0-0: Called Strike 0-1: Ball 1-1: DOUBLE (Flyball, 8RXD) Roberto Cruz to third Runner from 3rd tries for Home, SAFE, no throw | Batting: LHB Willie Wallace | 0-0: Called Strike 0-1: Foul Ball, location: 2F 0-2: Ball 1-2: Strikes out looking | Batting: RHB Trent Rasmussen | 0-0: Ball 1-0: Ball 2-0: Called Strike 2-1: SINGLE (Groundball, 56D) Gustavo Ortíz to third Runner from 3rd tries for Home, SAFE, no throw | Batting: RHB Dave Mullen | 0-0: SINGLE (Groundball, 34D) Trent Rasmussen to second Runner from 2nd tries for 3rd, SAFE, no throw | Batting: LHB John Cotton | 0-0: Ball 1-0: DOUBLE (Flyball, 9) Trent Rasmussen scores Dave Mullen to third Runner from 3rd tries for Home, SAFE, no throw | Batting: RHB José Aguilera | 0-0: Called Strike 0-1: Called Strike 0-2: Strikes out swinging | Top of the 2nd over - 4 runs, 4 hits, 0 errors, 1 left on base; Spokane 4 - Albuquerque 0 | BOTTOM OF THE 2ND |
---|
Albuquerque Isotopes batting - Pitching for Spokane Trappers : RHP Ben Cobb | Batting: LHB José González | 0-0: Called Strike 0-1: Swinging Strike 0-2: Ball 1-2: Strikes out swinging | Batting: RHB Roberto Tobías | 0-0: Ball 1-0: Ground out 4-3 (Groundball, 4D) | Batting: RHB Tony Parker | 0-0: Called Strike 0-1: Swinging Strike 0-2: Strikes out swinging | Bottom of the 2nd over - 0 runs, 0 hits, 0 errors, 0 left on base; Spokane 4 - Albuquerque 0 | TOP OF THE 3RD |
---|
Spokane Trappers batting - Pitching for Albuquerque Isotopes : LHP Sean Perry | Batting: RHB Enrique Mendoza | 0-0: Foul Ball, location: 2F 0-1: DOUBLE (Line Drive, 8LD) | Batting: RHB José Herrera | 0-0: Called Strike 0-1: Foul Ball, location: 2F 0-2: Ball 1-2: Strikes out swinging | Batting: RHB Roberto Cruz | 0-0: Foul Ball, location: 2F 0-1: Swinging Strike 0-2: Ball 1-2: Foul Ball, location: 2F 1-2: SINGLE (Line Drive, 78S) Enrique Mendoza to third | Batting: RHB Gustavo Ortíz | 0-0: Called Strike 0-1: Called Strike 0-2: Ball 1-2: Fly out, F6 (Line Drive, 6) | Batting: LHB Willie Wallace | 0-0: Called Strike 0-1: DOUBLE (Line Drive, 9LM) Enrique Mendoza scores Roberto Cruz to third Runner from 3rd tries for Home, SAFE, no throw | Batting: RHB Trent Rasmussen | 0-0: Swinging Strike 0-1: Ball 1-1: Foul Ball, location: 2F 1-2: SINGLE (Line Drive, 89M) Willie Wallace to third Runner from 3rd tries for Home, SAFE, no throw | Batting: RHB Dave Mullen | 0-0: Called Strike 0-1: Ground out 4-3 (Groundball, 4S) | Top of the 3rd over - 3 runs, 4 hits, 0 errors, 1 left on base; Spokane 7 - Albuquerque 0 | BOTTOM OF THE 3RD |
---|
Albuquerque Isotopes batting - Pitching for Spokane Trappers : RHP Ben Cobb | Batting: RHB Jesse McKnight | 0-0: Ball 1-0: Swinging Strike 1-1: Fly out, F8 (Flyball, 8RM) | Batting: RHB Kelly Graham | 0-0: Ball 1-0: SINGLE (Groundball, 6MD) | Batting: LHB Phil Neal | 0-0: Ball 1-0: Called Strike 1-1: Ball 2-1: Grounds into double play, 5-4-3 (Groundball, 56) | Bottom of the 3rd over - 0 runs, 1 hit, 0 errors, 0 left on base; Spokane 7 - Albuquerque 0 | TOP OF THE 4TH |
---|
Spokane Trappers batting - Pitching for Albuquerque Isotopes : LHP Sean Perry | Batting: LHB John Cotton | 0-0: Called Strike 0-1: Foul Ball, location: 2F 0-2: Ball 1-2: Ball 2-2: Ball 3-2: Foul Ball, location: 2F 3-2: Strikes out swinging | Batting: RHB José Aguilera | 0-0: Called Strike 0-1: Called Strike 0-2: Foul Ball, location: 2F 0-2: Ball 1-2: Ground out 6-3 (Groundball, 6M) | Batting: RHB Enrique Mendoza | 0-0: Reached on error, E6 (Groundball, 6) | Batting: RHB José Herrera | 0-0: SINGLE (Groundball, 6MD) Enrique Mendoza to second Runner from 2nd tries for 3rd, SAFE, throw made to third | Batting: RHB Roberto Cruz | 0-0: Ball 1-0: Ball 2-0: Ball 3-0: Base on Balls José Herrera to second | Batting: RHB Gustavo Ortíz | 0-0: Foul Ball, location: 2F 0-1: Fly out, F8 (Flyball, 8RXD) | Top of the 4th over - 0 runs, 1 hit, 1 error, 3 left on base; Spokane 7 - Albuquerque 0 | BOTTOM OF THE 4TH |
---|
Albuquerque Isotopes batting - Pitching for Spokane Trappers : RHP Ben Cobb | Batting: RHB Javier Peña | 0-0: Swinging Strike 0-1: Ball 1-1: Swinging Strike 1-2: SINGLE (Groundball, 6MD) | Batting: LHB Fernando Ortíz | 0-0: Ball Javier Peña steals 2nd base 1-0: Ball 2-0: Called Strike 2-1: Foul Ball, location: 2F 2-2: Ground out 6-3 (Groundball, 6) Javier Peña to third | Batting: LHB Ken Nelson | 0-0: Called Strike 0-1: 2-RUN HOME RUN (Flyball, 7D), Distance : 366 ft | Batting: LHB José González | 0-0: Ball 1-0: Foul Ball, location: 2F 1-1: DOUBLE (Flyball, 78D) | Batting: RHB Roberto Tobías | 0-0: Called Strike 0-1: Swinging Strike 0-2: Foul Ball, location: 2F 0-2: Ground out 6-3 (Groundball, 6) | Batting: RHB Tony Parker | 0-0: SINGLE (Line Drive, 56D) José González to third Runner from 3rd tries for Home, SAFE, no throw | Batting: RHB Jesse McKnight | 0-0: Fly out, F2 (Popup, 23F) | Bottom of the 4th over - 3 runs, 4 hits, 0 errors, 1 left on base; Spokane 7 - Albuquerque 3 | TOP OF THE 5TH |
---|
Spokane Trappers batting - Pitching for Albuquerque Isotopes : LHP Sean Perry | Pitching: RHP Pedro Alvarado | | Batting: LHB Willie Wallace | 0-0: TRIPLE (Flyball, 89XD) | Batting: RHB Trent Rasmussen | 0-0: Called Strike 0-1: Called Strike 0-2: Strikes out looking | Batting: RHB Dave Mullen | 0-0: Called Strike 0-1: Ball 1-1: Called Strike 1-2: Foul Ball, location: 2F 1-2: Strikes out swinging | Batting: LHB John Cotton | 0-0: Ball 1-0: Swinging Strike 1-1: Ball 2-1: Swinging Strike 2-2: Strikes out looking | Top of the 5th over - 0 runs, 1 hit, 0 errors, 1 left on base; Spokane 7 - Albuquerque 3 | BOTTOM OF THE 5TH |
---|
Albuquerque Isotopes batting - Pitching for Spokane Trappers : RHP Ben Cobb | Batting: RHB Kelly Graham | 0-0: Ball 1-0: Called Strike 1-1: Called Strike 1-2: Ball 2-2: Ball 3-2: Foul Ball, location: 2F 3-2: Foul Ball, location: 2F 3-2: Base on Balls | Batting: LHB Phil Neal | 0-0: Foul Ball, location: 2F 0-1: Foul Ball, location: 2F 0-2: Strikes out swinging | Batting: RHB Javier Peña | 0-0: Foul Ball, location: 2F 0-1: Swinging Strike 0-2: Ball 1-2: Foul Ball, location: 2F 1-2: Foul Ball, location: 2F 1-2: Ball 2-2: Ball 3-2: Reaches on Catchers interference Kelly Graham to second | Pitching: LHP Adrián León | | Batting: LHB Fernando Ortíz | 0-0: Called Strike 0-1: Foul Ball, location: 2F 0-2: Fly out, F8 (Flyball, 8RXD) Runner from 2nd tags up, SAFE at 3rd, no throw | Batting: LHB Ken Nelson | 0-0: Called Strike 0-1: Ball 1-1: Ground out U3 (Groundball, 3) | Bottom of the 5th over - 0 runs, 0 hits, 1 error, 2 left on base; Spokane 7 - Albuquerque 3 | TOP OF THE 6TH |
---|
Spokane Trappers batting - Pitching for Albuquerque Isotopes : RHP Pedro Alvarado | Batting: RHB José Aguilera | 0-0: Swinging Strike 0-1: Ball 1-1: Called Strike 1-2: Strikes out looking | Batting: RHB Enrique Mendoza | 0-0: Called Strike 0-1: Ball 1-1: Ball 2-1: Foul Ball, location: 2F 2-2: SOLO HOME RUN (Flyball, 7D), Distance : 363 ft | Batting: RHB José Herrera | 0-0: Fly out, F9 (Flyball, 89M) | Batting: RHB Roberto Cruz | 0-0: Foul Ball, location: 2F 0-1: Called Strike 0-2: Foul Ball, location: 2F 0-2: Strikes out swinging | Top of the 6th over - 1 run, 1 hit, 0 errors, 0 left on base; Spokane 8 - Albuquerque 3 | BOTTOM OF THE 6TH |
---|
Albuquerque Isotopes batting - Pitching for Spokane Trappers : LHP Adrián León | Batting: LHB José González | 0-0: Called Strike 0-1: Ground out U3 (Groundball, 34S) | Batting: RHB Roberto Tobías | 0-0: Ball 1-0: Ball 2-0: Foul Ball, location: 2F 2-1: Foul Ball, location: 2F 2-2: Foul Ball, location: 2F 2-2: Strikes out looking | Batting: RHB Tony Parker | 0-0: Ball 1-0: Called Strike 1-1: Swinging Strike 1-2: Ball 2-2: Strikes out looking | Bottom of the 6th over - 0 runs, 0 hits, 0 errors, 0 left on base; Spokane 8 - Albuquerque 3 | TOP OF THE 7TH |
---|
Spokane Trappers batting - Pitching for Albuquerque Isotopes : RHP Pedro Alvarado | Batting: RHB Gustavo Ortíz | 0-0: Ball 1-0: Ball 2-0: Called Strike 2-1: Called Strike 2-2: Ball 3-2: SOLO HOME RUN (Flyball, 7D), Distance : 386 ft | Batting: LHB Willie Wallace | 0-0: Ball 1-0: Ball 2-0: Ball 3-0: Ground out 4-3 (Groundball, 4MS) | Batting: RHB Trent Rasmussen | 0-0: Ball 1-0: Swinging Strike 1-1: Foul Ball, location: 2F 1-2: Strikes out swinging | Batting: RHB Dave Mullen | 0-0: Swinging Strike 0-1: Swinging Strike 0-2: Strikes out swinging | Top of the 7th over - 1 run, 1 hit, 0 errors, 0 left on base; Spokane 9 - Albuquerque 3 | BOTTOM OF THE 7TH |
---|
Albuquerque Isotopes batting - Pitching for Spokane Trappers : LHP Adrián León | Batting: RHB Jesse McKnight | 0-0: Called Strike 0-1: Ball 1-1: Called Strike 1-2: Ball 2-2: Ball 3-2: Strikes out looking | Batting: RHB Kelly Graham | 0-0: Called Strike 0-1: Ball 1-1: Foul Ball, location: 2F 1-2: Ball 2-2: Ball 3-2: Fly out, F4 (Popup, 4) | Batting: LHB Phil Neal | 0-0: Foul Ball, location: 2F 0-1: Foul Ball, location: 2F 0-2: Strikes out swinging | Bottom of the 7th over - 0 runs, 0 hits, 0 errors, 0 left on base; Spokane 9 - Albuquerque 3 | TOP OF THE 8TH |
---|
Spokane Trappers batting - Pitching for Albuquerque Isotopes : RHP Pedro Alvarado | Batting: LHB John Cotton | 0-0: Ball 1-0: Ball 2-0: Called Strike 2-1: Ball 3-1: Foul Ball, location: 2F 3-2: Strikes out swinging | Batting: RHB José Aguilera | 0-0: Called Strike 0-1: Ball 1-1: Swinging Strike 1-2: Foul Ball, location: 2F 1-2: Foul Ball, location: 2F 1-2: Ground out 4-3 (Groundball, 4) | Batting: RHB Enrique Mendoza | 0-0: Ground out U3 (Groundball, 34) | Top of the 8th over - 0 runs, 0 hits, 0 errors, 0 left on base; Spokane 9 - Albuquerque 3 | BOTTOM OF THE 8TH |
---|
Albuquerque Isotopes batting - Pitching for Spokane Trappers : LHP Adrián León | Now in RF: Héctor Rentería | | Batting: RHB Javier Peña | 0-0: Foul Ball, location: 2F 0-1: Ball 1-1: Fly out, F4 (Line Drive, 4M) | Batting: LHB Fernando Ortíz | 0-0: Ground out 4-3 (Groundball, 4) | Batting: LHB Ken Nelson | 0-0: Foul Ball, location: 2F 0-1: Ball 1-1: Ball 2-1: Called Strike 2-2: SINGLE (Groundball, 34S) (infield hit) | Batting: LHB José González | 0-0: Called Strike 0-1: Ground out U3 (Groundball, 3L) | Bottom of the 8th over - 0 runs, 1 hit, 0 errors, 1 left on base; Spokane 9 - Albuquerque 3 | TOP OF THE 9TH |
---|
Spokane Trappers batting - Pitching for Albuquerque Isotopes : RHP Pedro Alvarado | Batting: RHB José Herrera | 0-0: Swinging Strike 0-1: SINGLE (Groundball, 56S) (infield hit) | Pitching: RHP Cory Lowe | | Batting: RHB Roberto Cruz | 0-0: Foul Ball, location: 2F 0-1: Ball 1-1: Ball 2-1: Called Strike 2-2: Fielders Choice at 2nd, 3-6 (Groundball, 3) | Batting: RHB Gustavo Ortíz | 0-0: Ball 1-0: Called Strike 1-1: Foul Ball, location: 2F 1-2: Ball 2-2: Grounds into double play, 4-6-3 (Groundball, 4) | Top of the 9th over - 0 runs, 1 hit, 0 errors, 0 left on base; Spokane 9 - Albuquerque 3 | BOTTOM OF THE 9TH |
---|
Albuquerque Isotopes batting - Pitching for Spokane Trappers : LHP Adrián León | Now at C: António Martínez | | Batting: RHB Roberto Tobías | 0-0: Ball 1-0: Ball 2-0: Called Strike 2-1: Foul Ball, location: 2F 2-2: Ball 3-2: Base on Balls | Pitching: RHP Ching-wei Zi | | Batting: RHB Tony Parker | 0-0: Foul Ball, location: 2F 0-1: Swinging Strike 0-2: Foul Ball, location: 2F 0-2: Strikes out swinging | Batting: RHB Jesse McKnight | 0-0: Ball 1-0: DOUBLE (Line Drive, 7LM) Roberto Tobías to third | Batting: RHB Kelly Graham | 0-0: Foul Ball, location: 2F 0-1: Ball 1-1: Ball 2-1: Fly out, F9 (Flyball, 9LS) Runner from 3rd tags up, SCORES, no throw | Batting: LHB Phil Neal | 0-0: Called Strike 0-1: Foul Ball, location: 2F 0-2: Foul Ball, location: 2F 0-2: Foul Ball, location: 2F 0-2: Strikes out swinging | Bottom of the 9th over - 1 run, 1 hit, 0 errors, 1 left on base; Spokane 9 - Albuquerque 4 | |